 Dungeon Crawl Stone Soup version 0.19.0-11-g3fc08b3 (webtiles) character file.

506 Pihi the Slicer (level 7, 0/44 HPs)
             Began as a Halfling Gladiator on Nov 8, 2016.
             Was an Initiate of Okawaru.
             Succumbed to an orc's poison
             ... on level 6 of the Dungeon on Nov 10, 2016.
             The game lasted 00:12:22 (3621 turns).

Pihi the Slicer (Halfling Gladiator)                Turns: 3621, Time: 00:12:23

Health: 0/44       AC:  5    Str: 19    XL:     7   Next: 41%
Magic:  7/7        EV: 18    Int:  6    God:    Okawaru [......]
Gold:   230        SH:  0    Dex: 17    Spells: 0 memorised, 6 levels left

rFire  . . .     SeeInvis .     a - +0 rapier
rCold  + . .     Gourm    .     b - +0 leather armour
rNeg   . . .     Faith    .     (shield restricted)
rPois  .         Spirit   .     e - +1 helmet
rElec  .         Reflect  .     (no cloak)
rCorr  .         Harm     .     (no gloves)
MR     .....                    (no boots)
Stlth  +.........               (no amulet)
                                (no ring)
                                x - +3 ring of strength

@: lethally poisoned (0 -> -12)
A: cold resistance 1, mutation resistance 1
a: Renounce Religion


You were on level 6 of the Dungeon.
You worshipped Okawaru.
Okawaru was noncommittal.
You were not hungry.

You visited 2 branches of the dungeon, and saw 7 of its levels.

You collected 230 gold pieces.

Inventory:

Hand Weapons
 a - a +0 rapier (weapon)
Missiles
 d - a throwing net (quivered)
 i - 29 stones
Armour
 b - a +0 leather armour (worn)
 c - a +0 helmet
 e - a +1 helmet (worn)
Jewellery
 x - a +3 ring of strength (left hand)
Scrolls
 g - 3 scrolls of blinking
 j - 4 scrolls of teleportation
 m - 3 scrolls of remove curse
 p - a scroll of fog {unknown}
 q - a scroll of fear {unknown}
 s - a scroll of noise {unknown}
 t - a scroll of enchant armour
 u - a scroll of amnesia {unknown}
 v - a scroll of enchant weapon {unknown}
 w - a scroll of magic mapping
 y - a scroll of random uselessness {unknown}
Comestibles
 f - 2 bread rations
 h - 2 beef jerkies
 k - 2 meat rations
 o - a slice of pizza


   Skills:
 - Level 1.8 Fighting
 * Level 8.2 Short Blades
 - Level 2.0 Throwing
 + Level 5.4 Dodging


You had 6 spell levels left.
You didn't know any spells.

Dungeon Overview and Level Annotations

Branches:
Dungeon (6/15)             Temple (1/1) D:5

Altars:
Ashenzari
Elyvilon
Fedhas
Okawaru
Ru
Sif Muna
Xom

Annotations:
D:5 Menkaure


Innate Abilities, Weirdness & Mutations

You are small and have problems with some larger weapons.
You are somewhat resistant to further mutation.
Your flesh is cold resistant. (rC+)


Message History

Okawaru accepts your kill.
* * * LOW HITPOINT WARNING * * *
You feel sick. The orc barely misses you.
* * * LOW HITPOINT WARNING * * *
You feel sick. The orc hits you but does no damage.
You are more poisoned.
Things that are here:
a falchion; a leather armour You barely miss the orc.
* * * LOW HITPOINT WARNING * * *
You feel sick.
You puncture the orc!
You kill the orc!
Okawaru accepts your kill.
* * * LOW HITPOINT WARNING * * *
You feel sick.
* * * LOW HITPOINT WARNING * * *
You feel sick.
You see here a trident of venom.
You die...

## .. .# .# #.#
##.### .# #.#
#.... .# #.# #..#
.# #.# #@.# .# #.#
#)## .#####.# #)#
....##.#######.#)#
...............#.#
........########.#
..............##.#
........#####.##.#
..........# #....#


There were no monsters in sight!

Vanquished Creatures
  An orc warrior (D:6)
  A sky beast (D:6)
  A phantom (D:4)
  Ijyb (D:2)
  A worker ant (D:4)
  3 gnolls (D:4)
  4 adders
  An ooze (D:2)
  5 worms
  A dart slug (D:1)
  A leopard gecko (D:2)
  7 orcs
  A ball python (D:4)
  3 giant cockroaches
  7 goblins
  9 hobgoblins
  18 jackals
  A quokka (D:3)
  4 bats
  4 frilled lizards
  7 kobolds
  10 rats
91 creatures vanquished.

Notes
Turn   | Place    | Note
-------+----------+-------------------------------------------
     0 | D:1      | Pihi the Halfling Gladiator began the quest for the Orb.
     0 | D:1      | Reached XP level 1. HP: 14/14 MP: 1/1
   107 | D:1      | Reached XP level 2. HP: 19/19 MP: 2/2
   108 | D:1      | Reached skill level 4 in Short Blades
   340 | D:1      | Reached XP level 3. HP: 21/24 MP: 3/3
   704 | D:2      | Reached skill level 5 in Short Blades
   738 | D:2      | Reached XP level 4. HP: 9/29 MP: 4/4
  1069 | D:2      | Noticed Ijyb
  1088 | D:2      | Killed Ijyb
  1388 | D:2      | Reached XP level 5. HP: 31/34 MP: 5/5
  1634 | D:2      | Found a deep blue altar of Sif Muna.
  1810 | D:3      | Reached skill level 6 in Short Blades
  1845 | D:3      | Gained mutation: Your flesh is cold resistant. (rC+) [potion of mutation]
  2670 | D:4      | Reached XP level 6. HP: 30/39 MP: 6/6
  2907 | D:4      | Noticed a phantom
  2956 | D:4      | Killed a phantom
  2956 | D:4      | Reached skill level 7 in Short Blades
  3198 | D:4      | Noticed an ogre
  3237 | D:4      | Found a white marble altar of Elyvilon.
  3237 | D:4      | Noticed a hippogriff
  3313 | D:5      | Entered Level 5 of the Dungeon
  3325 | D:5      | Found a staircase to the Ecumenical Temple.
  3329 | D:5      | Noticed Menkaure
  3332 | Temple   | Entered the Ecumenical Temple
  3341 | Temple   | Became a worshipper of Warmaster Okawaru
  3391 | D:6      | Noticed a sky beast
  3460 | D:6      | Killed a sky beast
  3460 | D:6      | Reached skill level 5 in Dodging
  3460 | D:6      | Reached XP level 7. HP: 33/44 MP: 7/7
  3539 | D:6      | Found a shattered altar of Ashenzari.
  3609 | D:6      | Reached skill level 8 in Short Blades
  3620 | D:6      | HP: 2/44 [poisoned by an orc]
  3621 | D:6      | Succumbed to an orc's poison

Skill      XL: |  1  2  3  4  5  6  7 |
---------------+----------------------+-----
Short Blades   | 4 5 6 7 8 |  8.2
Dodging        | 4 5 |  5.4
Fighting       | |  1.8
Throwing       | |  2.0

Action                   |  1- 3 |  4- 6 |  7- 9 || total
-------------------------+-------+-------+-------++-------
Melee: Rapier            |    99 |   272 |    25 ||   396
Throw: Throwing net      |       |     6 |       ||     6
       Stone             |       |     3 |       ||     3
  Use: Potion            |       |     9 |       ||     9
       Scroll            |       |     6 |       ||     6
 Stab: Sleeping          |     2 |       |       ||     2
       Invisible         |       |     2 |       ||     2
  Eat: Chunk             |       |     9 |       ||     9
Armor: Leather armour    |    19 |    31 |     3 ||    53
       Skin              |       |    11 |       ||    11
Dodge: Dodged            |    77 |   210 |    16 ||   303
